 Dungeon Crawl Stone Soup version 0.28.0-43-g3370ac3207 (webtiles) character file.

Game seed: 14011805087179837764

1281 Revguard the Chopper (level 8, -11/91 HPs)
             Began as a Demonspawn Gladiator on Mar 14, 2022.
             Mangled by a cyclops (16 damage)
             ... on level 6 of the Dungeon.
             The game lasted 00:10:25 (5263 turns).

Revguard the Chopper (Demonspawn Gladiator)         Turns: 5263, Time: 00:10:26

Health: -11/91     AC: 24    Str: 16    XL:     8   Next: 29%
Magic:  8/8        EV:  2    Int: 11    God:
Gold:   251        SH:  4    Dex: 14    Spells: 7/7 levels left

rFire   . . .      SeeInvis .   b - +0 war axe (vorpal)
rCold   . . .      Faith    .   (no shield)
rNeg    . . .      Spirit   .   (armour currently unavailable)
rPois   +          Reflect  .   (helmet currently unavailable)
rElec   .          Harm     .   (cloak currently unavailable)
rCorr   .          Rampage  .   (gloves currently unavailable)
Will    .....      NoTele   +   (boots currently unavailable)
Stlth   +.........              (no amulet)
HPRegen 0.25/turn               k - +4 ring of slaying
MPRegen 0.11/turn               (no ring)

@: tree-form, hasted, very quick
A: stationary, stasis, torment immunity, boosted hp, condensation shield,
demonic magic 2, (weakness stinger 1)
a: no special abilities


You were on level 6 of the Dungeon.
You were a tree.
You visited 1 branch of the dungeon, and saw 6 of its levels.

You collected 251 gold pieces.

Inventory:

Hand Weapons
 b - a +0 vorpal war axe (weapon)
Missiles
 d - 3 throwing nets (quivered)
Armour
 c - a +1 helmet (melded)
 i - a +1 pair of boots (melded)
 s - a +1 scale mail of fire resistance (melded)
Jewellery
 e - a ring of fire
 k - a +4 ring of slaying (left branch)
Wands
 g - a wand of paralysis (5)
Scrolls
 a - a scroll of fog {unknown}
 h - 2 scrolls of vulnerability
 j - 2 scrolls of silence
 n - a scroll of teleportation
 o - a scroll of noise {unknown}
Potions
 l - a potion of degeneration {unknown}
 m - a potion of curing


   Skills:
 + Level 4.3 Fighting
 * Level 5.7 Axes
 - Level 1.7 Throwing
 * Level 4.9 Armour
 + Level 4.4 Dodging
 + Level 2.6 Evocations


You had 7 spell levels left.
You didn't know any spells.
Your spell library contained the following spells:

 Spells                   Type           Power      Damage    Failure   Level
 Foxfire                  Conj/Fire      0%         2x1d4     34%         1
 Sublimation of Blood     Necr           0%         N/A       47%         2
 Conjure Flame            Conj/Fire      0%         6-21      71%         3
 Gell's Gravitas          Tloc           0%         N/A       71%         3
 Inner Flame              Hex/Fire       0%         N/A       71%         3
 Teleport Other           Tloc           0%         N/A       71%         3
 Flame Wave               Conj/Fire      0%         2d4       98%         4
 Petrify                  Tmut/Erth      0%         N/A       98%         4
 Irradiate                Conj/Tmut      0%         3d13      100%        5
 Dispersal                Tloc           0%         N/A       100%        6


Dungeon Overview and Level Annotations

Branches:
Dungeon (6/15)
 Temple: D:4-7

Altars:
Fedhas
Kikubaaqudgha
Uskayaw

Shops:
D:1 [


Innate Abilities, Weirdness & Mutations

You are a tree.
Your roots penetrate the ground, keeping you stationary.
You cannot be teleported.
You are immune to unholy pain and torment.
Your maximum health is greatly increased.
Your equipment is partially melded.
A meltable shield of frost defends you. (SH +4)
Spells you cast may paralyse nearby enemies.
((You have a small tail.))


Message History

There is a stone staircase leading down here.
A cyclops comes into view.
Found a crude dagger and 2 poisoned darts.
Found a hide-covered altar of Uskayaw.
The cyclops throws a large rock.
The large rock barely misses you.
Okay, then.
The cyclops throws a large rock.
The large rock hits you!!
The cyclops throws a large rock.
The large rock misses you.
You hit the cyclops.
The cyclops is lightly wounded.
You block the cyclops's attack.
You feel yourself speed up. The cyclops hits you!!
You feel better.
You barely miss the cyclops.
The cyclops is lightly wounded.
The cyclops hits you!!
* * * LOW HITPOINT WARNING * * *
Really quaff the potion of lignification?
You turn into a tree.
Your +1 helmet melds into your body.
Your +1 pair of boots melds into your body.
Your +1 scale mail of fire resistance melds into your body.
You feel less resistant to fire.
Your roots penetrate the ground.
You hit the cyclops.
The cyclops is lightly wounded.
The cyclops hits you but does no damage.
You hit the cyclops but do no damage.
The cyclops is lightly wounded.
You hit the cyclops.
The cyclops is lightly wounded.
The cyclops hits you but does no damage.
You hit the cyclops.
The cyclops is moderately wounded.
You slash the cyclops!
The cyclops is heavily wounded.
The cyclops hits you!
* * * LOW HITPOINT WARNING * * *
You hit the cyclops but do no damage.
The cyclops is heavily wounded.
The cyclops hits you!
You die...

#..............#
#####
####..............#
..................#
....................
##...$...........#...
#.............###....
.............### .###
##........#### .#
_...8...♣##
)!......C# ....8..(.#
.........# ...8.##..
..... ##. ..... .
..## ..


You could see a cyclops.

Vanquished Creatures
  A wyvern (D:5)
  Menkaure (D:5)
  A water moccasin (D:5)
  Duvessa (D:5)
  An ogre (D:5)
  A phantom (D:4)
  A scorpion (D:4)
  A wyvern skeleton (D:5)
  Dowan (D:5)
  A bullfrog zombie (D:5)
  3 orc priests (D:5)
  2 hounds
  A jelly (D:4)
  A bullfrog skeleton (D:5)
  2 iguanas
  An orc wizard (D:5)
  8 adders
  A white imp (D:5)
  A worm (D:3)
  A dart slug (D:1)
  5 orcs (D:5)
  7 ball pythons
  5 endoplasms
  5 giant cockroaches
  3 goblins
  8 hobgoblins
  7 jackals
  5 quokkas
  2 bats (D:2)
  6 frilled lizards
  4 kobolds
  7 rats
95 creatures vanquished.

Vanquished Creatures (others)
  A howler monkey zombie (D:5)
1 creature vanquished.

Grand Total: 96 creatures vanquished

Notes
Turn   | Place    | Note
-------+----------+-------------------------------------------
     0 | D:1      | Revguard the Demonspawn Gladiator began the quest for the
                  | Orb.
     0 | D:1      | Reached XP level 1. HP: 16/16 MP: 1/1
   474 | D:1      | Gained mutation: A meltable shield of frost defends you.
                  | (SH +4) [demonic ancestry]
   474 | D:1      | Reached XP level 2. HP: 22/22 MP: 2/2
   628 | D:1      | Reached skill level 3 in Axes
   636 | D:1      | Reached skill level 1 in Armour
   751 | D:1      | Reached XP level 3. HP: 11/27 MP: 3/3
   943 | D:1      | Found Erobic's Armour Shoppe.
  1567 | D:2      | Gained mutation: Spells you cast may paralyse adjacent
                  | enemies. [demonic ancestry]
  1567 | D:2      | Reached XP level 4. HP: 34/34 MP: 4/4
  1701 | D:2      | You fall into a shaft and drop 1 floor!
  2404 | D:4      | Noticed a scorpion
  2416 | D:4      | Killed a scorpion
  2417 | D:4      | Gained mutation: Spells you cast may paralyse nearby
                  | enemies. [demonic ancestry]
  2417 | D:4      | Reached XP level 5. HP: 13/40 MP: 5/5
  2808 | D:4      | Reached skill level 4 in Axes
  2941 | D:4      | Gained mutation: You have a small tail. [demonic ancestry]
  2941 | D:4      | Reached XP level 6. HP: 44/47 MP: 6/6
  3286 | D:4      | Found a blossoming altar of Fedhas.
  3549 | D:5      | Entered Level 5 of the Dungeon
  3552 | D:5      | Noticed Duvessa
  3553 | D:5      | Noticed Dowan
  3569 | D:5      | Killed Duvessa
  3570 | D:5      | Reached skill level 1 in Evocations
  3586 | D:5      | Killed Dowan
  3587 | D:5      | Reached XP level 7. HP: 12/48 MP: 7/7
  4158 | D:5      | Reached skill level 5 in Axes
  4416 | D:5      | Noticed a wyvern
  4424 | D:5      | Killed a wyvern
  4611 | D:5      | Found an ancient bone altar of Kikubaaqudgha.
  4613 | D:5      | Noticed Menkaure
  4621 | D:5      | Killed Menkaure
  4622 | D:5      | Reached XP level 8. HP: 60/60 MP: 8/8
  5247 | D:6      | Found a hide-covered altar of Uskayaw.
  5247 | D:6      | Noticed a cyclops
  5263 | D:6      | Mangled by a cyclops

Illustrated notes

Levels and vault maps discovered:
D:1:      psy_arrival_dodecagon, layout_basic, serial_shops,
          nicolae_shop_waterfront, kennysheep_nondescript
D:2:      layout_basic, shapermc_ecumenical_altar_ellora
D:3:      layout_rooms
D:4:      layout_loops_ring, fedhas_altar_4
D:5:      layout_loops_ring, amcnicky_altar_gilded, uniq_menkaure, uniq_duvessa
D:6:      layout_cave_pods, nicolae_overflow_crystal_walls,
          eat_drink_and_be_merry_uskayaw

Skill      XL: |  1  2  3  4  5  6  7 |
---------------+----------------------+-----
Axes           | 3 4 5 |  5.7
Armour         | 1 2 3 4 |  4.9
Dodging        | 3 4 |  4.4
Fighting       | 3 4 |  4.3
Evocations     | 1 2 |  2.6
Throwing       | |  1.7

Action                   |  1- 3 |  4- 6 |  7- 9 || total
-------------------------+-------+-------+-------++-------
Melee: War axe           |   112 |   107 |    86 ||   305
       Punch             |       |     4 |     2 ||     6
       Tailslap          |       |     7 |     8 ||    15
Throw: Throwing net      |       |       |     2 ||     2
Evoke: Wand              |       |       |     5 ||     5
  Use: Scroll            |     4 |     4 |     4 ||    12
       Potion            |       |     1 |     5 ||     6
 Stab: Sleeping          |     1 |     2 |       ||     3
       Invisible         |       |     1 |       ||     1
       Paralysed         |       |       |     2 ||     2
Armor: Leather armour    |    44 |    29 |       ||    73
       Ring mail         |       |     9 |    21 ||    30
       Scale mail        |       |       |     4 ||     4
       Skin              |       |       |     2 ||     2
Dodge: Dodged            |    85 |    68 |    47 ||   200
Block: Other             |    33 |    16 |    11 ||    60
